 Dungeon Crawl Stone Soup version 0.26.0-45-g9c1d065592 (webtiles) character file.

Game seed: 4221630312324116608

166244 KamiKatze the Eclecticist (level 17, -3/96 HPs)
             Began as a Deep Elf Conjurer on Jan 28, 2021.
             Was the Champion of Vehumet.
             Slain by a merfolk
             ... wielding a +0 trident
              (13 damage)
             ... on level 4 of the Shoals on Jan 30, 2021.
             The game lasted 04:56:40 (34833 turns).

KamiKatze the Eclecticist (Deep Elf Conjurer)      Turns: 34833, Time: 04:56:44

Health: -3/96      AC: 13    Str:  4    XL:     17   Next: 29%
Magic:  34/40      EV: 18    Int: 33    God:    Vehumet [******]
Gold:   1109       SH:  6    Dex: 18    Spells: 3/50 levels left

rFire    + + +     SeeInvis .   F - staff of fire
rCold    + . .     Faith    .   G - +0 buckler
rNeg     . . .     Spirit   .   p - +2 robe {rC+ rF+}
rPois    .         Reflect  .   M - +1 helmet
rElec    +         Harm     .   J - +0 cloak of Onot {Regen+}
rCorr    .         Rampage  .   x - +2 pair of gloves
Will     +....                  s - +2 pair of boots {run}
Stlth    ++++......             l - amulet of magic regeneration
HPRegen  0.66/turn              V - ring of Jealousy {rF+ Int+2 Dex+5}
MPRegen  0.52/turn              N - ring "Pyiluad" {Wiz rElec}

@: radiating poison, quick
A: no striking features
a: Renounce Religion


You were on level 4 of the Shoals.
You worshipped Vehumet.
Vehumet was exalted by your worship.
You visited 6 branches of the dungeon, and saw 30 of its levels.
You also visited: Sewer, Ossuary, Bailey and Gauntlet.

You collected 3994 gold pieces.
You spent 2885 gold pieces at shops.

Inventory:

Hand Weapons
 b - the +9 rapier of the Land of Plenty {holy, Will+}
   (You found it on level 9 of the Dungeon)

   It has been blessed by the Shining One to cause great damage to the undead
   and demons.
   It affects your willpower, your defense against some magical effects.
Missiles
 R - 524 stones (quivered)
Armour
 o - the +0 leather armour of Free Expression {*Corrode +Blink MP+9 Int+4, unknown}
   (You found it on level 4 of the Shoals)

   It affects your intelligence (+4).
   It affects your magic capacity (+9).
   It lets you blink.
   It may corrode you when you take damage.
 p - a +2 robe of resistance (worn)
 s - a +2 pair of boots of running (worn)
 x - a +2 pair of gloves (worn)
 G - a +0 buckler (worn)
 J - the +0 cloak of Onot (worn) {Regen+}
   (You found it in a Gauntlet)

   It increases your rate of regeneration.
 M - a +1 helmet (worn)
Magical Staves
 u - an uncursed staff of earth
 y - an uncursed staff of air
 F - an uncursed staff of fire (weapon)
 Z - an uncursed staff of death
Jewellery
 l - an amulet of magic regeneration (around neck)
 t - an uncursed ring of poison resistance
 H - a +6 ring of intelligence
 I - an uncursed ring of see invisible
 N - the ring "Pyiluad" (right hand) {Wiz rElec}
   (You bought it in a shop on level 2 of the Orcish Mines)

   [ring of wizardry]

   It improves your spell success rate.
   It insulates you from electricity.
 S - an uncursed ring of willpower
 V - the ring of Jealousy (left hand) {rF+ Int+2 Dex+5}
   (You found it in a Gauntlet)

   [ring of protection from fire]

   It affects your intelligence (+2).
   It affects your dexterity (+5).
   It protects you from fire.
Wands
 a - a wand of polymorph (7)
 z - a wand of paralysis (13)
 O - a wand of acid (9)
 Q - a wand of digging (30)
 U - a wand of disintegration (15)
 Y - a wand of iceblast (2)
Scrolls
 c - 14 scrolls of remove curse
 g - 4 scrolls of identify
 h - 15 scrolls of teleportation
 m - 6 scrolls of magic mapping
 q - 7 scrolls of fog
 v - 8 scrolls of fear
 w - 9 scrolls of amnesia
 C - 5 scrolls of blinking
 D - 2 scrolls of silence
 T - a scroll of enchant weapon
Potions
 d - a potion of ambrosia
 e - 8 potions of haste
 f - 4 potions of brilliance
 i - 4 potions of attraction
 j - 3 potions of cancellation
 k - 4 potions of might
 n - 2 potions of magic
 r - 19 potions of curing
 A - 5 potions of flight
 B - a potion of lignification
 E - 3 potions of resistance
 K - 2 potions of invisibility
 P - 2 potions of mutation
 W - 9 potions of heal wounds
Miscellaneous
 L - a condenser vane
 X - a phantom mirror


   Skills:
 - Level 7.0 Fighting
 - Level 2.0 Short Blades
 + Level 8.2 Dodging
 + Level 8.5 Stealth
 - Level 6.0 Shields
 * Level 17.4 Spellcasting
 - Level 12.0 Conjurations
 - Level 11.0 Hexes
 - Level 10.0 Summonings
 * Level 11.6 Necromancy
 - Level 11.0 Translocations
 - Level 3.0 Transmutations
 + Level 7.6 Fire Magic
 - Level 4.0 Ice Magic
 - Level 6.0 Earth Magic
 - Level 9.0 Poison Magic
 - Level 6.0 Evocations


You had 3 spell levels left.
You knew the following spells:

 Your Spells              Type           Power        Failure   Level
a - Magic Dart            Conj           100%         0%          1
b - Searing Ray           Conj           100%         0%          2
c - Fulminant Prism       Conj/Hex       40%          1%          4
d - Iskenderun's Mystic   Conj/Tloc      81%          1%          4
e - Sandblast             Erth           100%         1%          1
f - Olgreb's Toxic Radia  Pois           73%          1%          4
g - Ignite Poison         Fire/Tmut/Pois 82%          1%          3
h - Lee's Rapid Deconstr  Erth           31%          1%          5
i - Haunt                 Necr/Summ      39%          5%          7
j - Fireball              Conj/Fire      48%          1%          5
k - Spellforged Servitor  Conj/Summ      39%          1%          7
l - Summon Lightning Spi  Summ/Air       58%          1%          4

Your spell library contained the following spells:

 Spells                   Type           Power        Failure   Level
 Chain Lightning          Conj/Air       31%          54%         8
 Corona                   Hex            87%          0%          1
 Summon Small Mammal      Summ           100%         0%          1
 Blink                    Tloc           N/A          0%          2
 Slow                     Hex            79%          0%          2
 Beastly Appendage        Tmut           96%          1%          1
 Sting                    Tmut/Pois      100%         1%          1
 Call Imp                 Summ           76%          1%          2
 Ensorcelled Hibernation  Hex/Ice        100%         1%          2
 Poisonous Vapours        Pois/Air       100%         1%          2
 Wereblood                Tmut           48%          1%          2
 Call Canine Familiar     Summ           76%          1%          3
 Confusing Touch          Hex            79%          1%          3
 Conjure Flame            Conj/Fire      96%          1%          3
 Dazzling Flash           Conj/Hex       100%         1%          3
 Frozen Ramparts          Ice            100%         1%          3
 Inner Flame              Hex/Fire       94%          1%          3
 Mephitic Cloud           Conj/Pois/Air  66%          1%          3
 Portal Projectile        Hex/Tloc       100%         1%          3
 Spider Form              Tmut/Pois      31%          1%          3
 Summon Guardian Golem    Hex/Summ       78%          1%          3
 Tukima's Dance           Hex            79%          1%          3
 Cause Fear               Hex            39%          1%          4
 Hailstorm                Conj/Ice       69%          1%          4
 Ice Form                 Ice/Tmut       51%          1%          4
 Leda's Liquefaction      Hex/Erth       35%          1%          4
 Sticky Flame             Conj/Fire      96%          1%          4
 Summon Ice Beast         Ice/Summ       66%          1%          4
 Borgnjor's Vile Clutch   Necr/Erth      36%          1%          5
 Irradiate                Conj/Tmut      33%          1%          5
 Metabolic Englaciation   Hex/Ice        33%          1%          5
 Silence                  Hex/Air        30%          1%          5
 Shadow Creatures         Summ           N/A          1%          6
 Starburst                Conj/Fire      48%          1%          6
 Eringya's Noxious Bog    Tmut/Pois      31%          2%          6
 Freezing Cloud           Conj/Ice/Air   29%          2%          6
 Simulacrum               Ice/Necr       34%          3%          6
 Blade Hands              Tmut           24%          4%          5
 Ozocubu's Refrigeration  Ice            26%          4%          6
 Statue Form              Tmut/Erth      36%          13%         6
 Hydra Form               Tmut           24%          24%         6
 Borgnjor's Revivificati  Necr           40%          28%         8
 Infestation              Necr           40%          28%         8
 Ignition                 Fire           43%          34%         8
 Dragon Form              Tmut           24%          75%         7
 Necromutation            Tmut/Necr      33%          83%         8
 Death's Door             Necr           40%          98%         9


Dungeon Overview and Level Annotations

Branches:
Dungeon (15/15)            Temple (1/1) D:7            Lair (6/6) D:11
 Shoals (4/4) Lair:3        Snake (2/4) Lair:3        Slime (0/5) Lair:5
    Orc (2/2) D:12            Elf (0/3) Orc:2        Vaults (0/5) D:14
 Depths (0/5) D:15          Sewer (visited)         Ossuary (visited)
 Bailey (visited)         Gauntlet (visited)

Altars:
Ashenzari
Cheibriados
Dithmenos
Elyvilon
Fedhas
Gozag
Hepliaklqana
Kikubaaqudgha
Makhleb
Nemelex Xobeh
Okawaru
Qazlal
Ru
Sif Muna
Trog
Uskayaw
Vehumet
Wu Jian
Xom
Yredelemnul
Zin
The Shining One
Jiyva

Shops:
D:10 !   Orc:2 :=*[(   Shoals:3 [

Annotations:
D:10 3 runed translucent doors, exclusion: 3 doors, FreshCat's ghost, journeyman TeCj
Lair:5 3 runed translucent doors, exclusion: 3 doors, Darubir's ghost, journeyman CeAM
Snake:2 Vashnia


Message History

The weapon returns to the merfolk!
Unknown command.
Casting: Olgreb's Toxic Radiance (safe; 1% risk of failure)
Confirm with . or Enter, or press ? or * to list all spells.
You feel a surge of power!
You ignite the poison in your surroundings!
The merfolk impaler seems to burn from within!!!
The merfolk impaler is severely wounded.
The merfolk seems to burn from within.
The merfolk is moderately wounded.
The merfolk impaler is poisoned.
The merfolk is poisoned.
You block the merfolk impaler's attack.
Unknown command.
The merfolk looks even sicker.
The merfolk impaler hits you from afar with a +4 demon trident of flaming!!
* * * LOW HITPOINT WARNING * * *
The merfolk impaler burns you.
* * * LOW HITPOINT WARNING * * *
The merfolk hits you from afar with a +0 trident!
You die...

,,,,,≈≈≈≈≈≈≈≈≈≈≈≈≈≈≈≈≈m**,,,≈≈≈≈≈
,,,,≈≈≈≈≈≈≈≈≈≈≈≈≈.≈≈≈PP,,,,,,≈≈≈≈
,,,≈≈≈≈≈≈≈≈≈≈≈≈≈≈≈≈≈≈P...,,,≈≈≈≈,
,≈≈≈≈≈≈≈≈≈≈≈≈≈≈≈≈≈..P≈.P.,,,,≈,,,
≈≈≈≈≈≈≈≈≈≈≈≈≈≈≈≈≈≈..,≈.P.,,,,,,,,
≈≈≈≈≈≈≈≈≈≈≈≈≈≈≈≈≈.#*...≈P≈,,,,*,,
≈≈≈≈≈≈≈≈≈≈≈≈≈≈≈≈m###.P.≈.≈≈,,,,,,
≈≈≈≈≈≈≈≈≈≈≈≈≈≈m.......≈≈.,≈≈≈,,,,
≈≈≈≈≈≈≈≈≈≈≈≈≈.≈.@≈...≈≈≈≈≈≈≈≈,,,,
≈≈≈≈≈≈≈≈≈≈≈≈≈≈≈≈≈≈≈≈≈≈≈≈≈≈≈≈≈≈≈≈≈
≈≈≈≈≈≈≈≈≈≈≈[≈≈)(≈≈≈≈≈≈≈P≈≈≈≈≈≈≈≈≈
≈≈≈≈≈≈≈≈≈≈≈≈≈≈≈≈≈≈≈≈≈≈≈≈≈≈≈≈≈≈≈≈≈
≈≈≈≈≈≈≈≈≈≈≈≈≈≈≈≈≈≈≈≈≈≈≈≈≈≈≈≈≈≈≈≈≈
≈≈≈≈≈≈≈≈≈≈≈≈≈≈≈≈≈≈≈≈≈≈≈≈≈≈≈≈≈≈≈≈≈
≈≈≈≈≈≈≈≈≈≈≈≈≈≈≈≈≈≈≈≈≈≈≈≈≈≈≈≈≈≈≈≈≈
≈≈≈≈≈≈≈≈≈≈≈≈≈≈≈≈≈≈≈≈≈≈≈≈≈≈≈≈≈≈≈≈≈
≈≈≈≈≈≈≈≈≈≈≈≈≈≈≈≈≈≈≈≈≈≈≈≈≈≈≈≈≈≈≈≈≈


You could see a merfolk impaler (poisoned) and a merfolk (very poisoned).

Vanquished Creatures
  Jorgrun (Orc:1)
  Rupert (D:14)
  Donald (Shoals:2)
  An orc warlord (Orc:2)
  2 stone giants (Orc:2)
  Nessos (D:13)
  A minotaur (Gauntlet)
  2 merfolk javelineers
  3 merfolk impalers
  Snorg (Lair:3)
  An ice dragon (Shoals:3)
  6 hydras
  4 anacondas
  2 boulder beetles
  A merfolk avatar (Shoals:4)
  5 centaur warriors (D:15)
  2 ogre magi (D:15)
  16 death yaks
  4 satyrs
  A merfolk aquamancer (Shoals:3)
  8 two-headed ogres
  2 tengu warriors (D:15)
  4 orc high priests (Orc:2)
  2 shock serpents (Snake:1)
  3 naga sharpshooters
  Urug (Lair:4)
  5 skeletal warriors (D:15)
  10 sea snakes
  5 large abominations (D:11)
  A glowing orange brain (Gauntlet)
  4 unseen horrors
  A harpy (Shoals:4)
  3 wizards
  2 mana vipers
  12 ugly things
  6 orc knights
  A necromancer (Lair:2)
  A wolf spider zombie (D:15)
  An oklob plant (Lair:4)
  A wolf spider (Lair:6)
  A lindwurm (Lair:6)
  3 deep elf magi
  3 orc sorcerers (Orc:2)
  3 cyclopes
  7 manticores
  A salamander (Snake:1)
  8 fauns
  5 water nymphs
  17 black mambas
  6 merfolk sirens
  Maurice (D:8)
  5 elephants (Lair:5)
  A guardian serpent (Lair:6)
  Joseph (D:7)
  Maggie (D:6)
  A gargoyle (D:11)
  12 komodo dragons
  12 cane toads
  2 torpor snails
  4 rime drakes
  An efreet (D:15)
  A yaktaur (D:15)
  21 merfolk
  9 trolls
  2 hornets (Lair:6)
  3 polar bears
  15 dream sheep
  7 snapping turtles
  6 wind drakes
  3 slime creatures
  16 blink frogs
  2 shadows
  4 redbacks (Lair:6)
  Sigmund (D:4)
  A redback (shapeshifter) (D:15)
  3 water elementals
  11 wyverns
  43 yaks
  2 wraiths
  A vampire (D:14)
  16 humans
  A wyvern (shapeshifter) (D:12)
  2 basilisks
  2 vampire mosquitoes
  Menkaure (D:6)
  Edmund (D:4)
  10 nagas
  2 wargs
  21 water moccasins
  A black bear (shapeshifter) (D:15)
  41 orc warriors
  4 sky beasts
  A phantom (D:8)
  3 necrophages
  3 black bears
  An eye of draining (D:14)
  5 ice beasts
  11 ogres
  15 wolves (Lair:1)
  2 tengu (shapeshifter)
  11 centaurs
  6 big kobolds
  17 bullfrogs
  A gnoll sergeant (D:9)
  2 wyvern zombies
  A water moccasin zombie (Ossuary)
  7 small abominations (D:11)
  4 scorpions
  A hornet simulacrum (D:15)
  A water moccasin skeleton (D:9)
  9 killer bees
  6 wights (D:15)
  4 howler monkeys
  An electric eel (Lair:5)
  4 bullfrog zombies (Ossuary)
  6 centaur zombies
  2 quasits
  2 bullfrog skeletons
  A gnoll shaman (D:5)
  7 hounds
  29 orc wizards
  23 orc priests
  Crazy Yiuf (D:5)
  A jelly (D:13)
  9 centaur skeletons
  12 mummies (Ossuary)
  7 iguanas
  6 worker ants
  3 yak simulacra (Lair:2)
  4 polar bear simulacra (Lair:2)
  A statue (D:5)
  A killer bee zombie (Ossuary)
  2 wolf simulacra (Lair:2)
  2 hound zombies (Ossuary)
  4 hound skeletons
  A howler monkey zombie (Ossuary)
  4 worker ant zombies
  4 gnolls (D:9)
  8 adders
  2 shadow imps
  3 white imps (D:5)
  An ufetubus (D:5)
  3 oozes
  5 adder zombies
  3 worms
  10 leopard geckos
  120 orcs
  5 bats
  10 giant cockroaches
  11 goblins
  9 hobgoblins
  9 jackals
  7 quokkas
  5 ball pythons
  9 frilled lizards
  A jackal zombie (Ossuary)
  17 kobolds
  2 leopard gecko zombies (Ossuary)
  A quokka zombie (Ossuary)
  9 rats
  2 river rat simulacra (Lair:2)
  A fulminant prism (D:13)
978 creatures vanquished.

Vanquished Creatures (collateral kills)
  A kraken (Shoals:1)
  Kirke (Shoals:2)
  Ilsuiw (Shoals:2)
  A merfolk javelineer (Shoals:2)
  A merfolk impaler (Shoals:2)
  A merfolk aquamancer (Shoals:2)
  A naga sharpshooter (Snake:1)
  A sea snake (Shoals:1)
  A mana viper (Snake:1)
  3 merfolk sirens
  8 merfolk
  3 snapping turtles
  2 water elementals (Shoals:2)
  2 nagas (Snake:1)
  A wolf (Lair:1)
  A tentacle (Shoals:1)
29 creatures vanquished.

Vanquished Creatures (others)
  A human (Shoals:2)
  2 demonic plants (Gauntlet)
  255 fulminant prisms
  50 fungi
  221 plants
  7 tentacles (Shoals:1)
  8 withered plants (Ossuary)
544 creatures vanquished.

Grand Total: 1551 creatures vanquished

Notes
Turn   | Place    | Note
-------+----------+-------------------------------------------
     0 | D:1      | KamiKatze the Deep Elf Conjurer began the quest for the
                  | Orb.
     0 | D:1      | Reached XP level 1. HP: 10/10 MP: 6/6
   205 | D:1      | Found a glowing golden altar of the Shining One.
   468 | D:1      | Reached XP level 2. HP: 15/15 MP: 5/8
   496 | D:1      | Learned a level 2 spell: Searing Ray
   997 | D:2      | Reached XP level 3. HP: 20/20 MP: 6/10
  1407 | D:3      | Reached skill level 5 in Conjurations
  1431 | D:3      | Reached skill level 4 in Spellcasting
  1746 | D:3      | Reached XP level 4. HP: 24/24 MP: 8/12
  1751 | D:3      | Learned a level 4 spell: Fulminant Prism
  1763 | D:3      | Learned a level 4 spell: Iskenderun's Mystic Blast
  1879 | D:3      | Reached skill level 1 in Fighting
  1918 | D:3      | Reached XP level 5. HP: 13/29 MP: 5/13
  2119 | D:3      | You fall into a shaft and drop 1 floor!
  2170 | D:4      | Noticed Sigmund
  2176 | D:4      | Killed Sigmund
  2177 | D:4      | Reached skill level 1 in Shields
  2177 | D:4      | Reached skill level 1 in Hexes
  2177 | D:4      | Reached skill level 1 in Translocations
  2177 | D:4      | Reached XP level 6. HP: 24/34 MP: 8/15
  2273 | D:4      | Reached skill level 5 in Spellcasting
  2311 | D:4      | Found a glowing drain.
  2315 | Sewer    | Entered a sewer
  2815 | Sewer    | Reached XP level 7. HP: 33/38 MP: 9/17
  3765 | D:4      | Noticed Edmund
  3786 | D:4      | Killed Edmund
  4150 | D:5      | Entered Level 5 of the Dungeon
  4229 | D:5      | Reached skill level 6 in Spellcasting
  4268 | D:5      | Found a sand-covered staircase.
  4290 | Ossuary  | Entered an ossuary
  4493 | Ossuary  | Reached XP level 8. HP: 44/44 MP: 16/19
  5500 | D:5      | Reached skill level 7 in Spellcasting
  5551 | D:5      | Found a radiant altar of Vehumet.
  5559 | D:5      | Reached skill level 5 in Stealth
  5561 | D:5      | Became a worshipper of Vehumet
  6138 | D:5      | Reached XP level 9. HP: 23/49 MP: 20/22
  6311 | D:5      | Reached * piety under Vehumet
  6311 | D:5      | Offered knowledge of Sandblast by Vehumet.
  6459 | D:5      | Found a runed translucent door.
  6460 | D:5      | Noticed Crazy Yiuf
  6466 | D:5      | Killed Crazy Yiuf
  6581 | D:5      | Learned a level 1 spell: Sandblast
  6582 | D:6      | Noticed Menkaure
  6586 | D:6      | Killed Menkaure
  6688 | D:6      | Found a shadowy altar of Dithmenos.
  6938 | D:6      | Found a glowing golden altar of the Shining One.
  6953 | D:6      | Found a burning altar of Makhleb.
  6956 | D:6      | Found an opulent altar of Gozag.
  7141 | D:6      | Noticed Maggie
  7155 | D:6      | Killed Maggie
  7156 | D:6      | Reached skill level 5 in Dodging
  7156 | D:6      | Reached skill level 5 in Hexes
  7156 | D:6      | Reached skill level 1 in Earth Magic
  7355 | D:7      | Noticed a two-headed ogre
  7361 | D:7      | Noticed Joseph
  7383 | D:7      | Killed a two-headed ogre
  7384 | D:7      | Reached skill level 8 in Spellcasting
  7781 | D:7      | Killed Joseph
  7782 | D:7      | Reached skill level 5 in Translocations
  8261 | D:7      | Found a staircase to the Ecumenical Temple.
  8269 | Temple   | Entered the Ecumenical Temple
  8394 | D:7      | Reached XP level 10. HP: 56/56 MP: 18/24
  8857 | D:8      | Reached ** piety under Vehumet
  8858 | D:8      | Offered knowledge of Freeze by Vehumet.
  8900 | D:8      | Reached skill level 1 in Evocations
  9137 | D:8      | Offered knowledge of Frozen Ramparts by Vehumet.
  9152 | D:8      | Noticed Maurice
  9676 | D:8      | Killed Maurice
  9677 | D:8      | Reached skill level 9 in Spellcasting
  9693 | D:8      | Reached *** piety under Vehumet
  9931 | D:8      | Noticed a +0 dagger
  9933 | D:8      | Found a hide-covered altar of Uskayaw.
  9933 | D:8      | Noticed a +0 dagger
 10355 | D:9      | Learned a level 3 spell: Frozen Ramparts
 10478 | D:9      | Offered knowledge of Static Discharge by Vehumet.
 10479 | D:9      | Reached skill level 1 in Short Blades
 10479 | D:9      | Reached skill level 1 in Ice Magic
 10494 | D:9      | Got an iridescent rapier
 10495 | D:9      | Identified the +9 rapier of the Land of Plenty {holy,
                  | Will+} (You found it on level 9 of the Dungeon)
 10928 | D:10     | Entered Level 10 of the Dungeon
 10935 | D:10     | Noticed an unseen horror
 10944 | D:10     | Killed an unseen horror
 10957 | D:10     | Reached XP level 11. HP: 60/60 MP: 12/26
 11318 | D:10     | Found Vynubluj's Distillery.
 11429 | D:10     | Found a runed translucent gate.
 11429 | D:10     | Found a runed translucent gate.
 11430 | D:10     | Found a runed translucent gate.
 11430 | D:10     | Noticed a ten-headed hydra
 11430 | D:10     | Noticed FreshCat's ghost (journeyman TeCj)
 11600 | D:11     | Reached **** piety under Vehumet
 11749 | D:11     | HP: 3/60 [manticore (10)]
 11750 | D:11     | Offered knowledge of Sticky Flame by Vehumet.
 12052 | D:11     | Learned a level 4 spell: Sticky Flame
 12136 | D:11     | Noticed a wizard
 12143 | D:11     | Killed a wizard
 12193 | D:11     | Noticed a large abomination
 12508 | D:11     | Reached skill level 10 in Spellcasting
 12508 | D:11     | Reached skill level 1 in Fire Magic
 12511 | D:11     | Reached skill level 5 in Earth Magic
 12581 | D:11     | Noticed a two-headed ogre
 12603 | D:11     | Killed a two-headed ogre
 12689 | D:11     | Found a staircase to the Lair.
 12956 | D:11     | Killed a large abomination
 13338 | D:12     | Found a flagged portal.
 13370 | Bailey   | Entered a bailey
 13984 | Bailey   | Noticed an orc knight
 13999 | Bailey   | Killed an orc knight
 14450 | Bailey   | Got a brightly glowing executioner's axe
 14456 | Bailey   | Identified the +6 executioner's axe "Pexzila" {vorpal,
                  | rPois rC+ Dex-5} (You found it in a bailey)
 14516 | D:12     | Found an opulent altar of Gozag.
 14539 | D:12     | Found a staircase to the Orcish Mines.
 14598 | Lair:1   | Entered Level 1 of the Lair of Beasts
 14620 | Lair:1   | Learned a level 4 spell: Olgreb's Toxic Radiance
 14771 | Lair:1   | Reached XP level 12. HP: 67/67 MP: 25/28
 14782 | Lair:1   | Reached ***** piety under Vehumet
 14782 | Lair:1   | Offered knowledge of Lightning Bolt by Vehumet.
 14878 | D:11     | Learned a level 3 spell: Ignite Poison
 14927 | Lair:1   | Reached skill level 1 in Poison Magic
 14980 | Lair:1   | Got a fine ring mail
 15011 | D:11     | Identified the +0 ring mail of Limitation {Int+3} (You
                  | found it on level 1 of the Lair of Beasts)
 15094 | D:11     | Got a smoking war axe
 15095 | D:11     | Identified the +8 war axe of Puda {flame, +Blink rC- Str+2
                  | Stlth+} (You found it on level 11 of the Dungeon)
 15171 | Lair:1   | Identified a scroll of acquirement
 15794 | Lair:1   | Reached skill level 1 in Transmutations
 15919 | Lair:2   | Reached skill level 11 in Spellcasting
 16245 | Lair:2   | Noticed a boulder beetle
 16476 | Lair:2   | HP: 2/67 [boulder beetle (24)]
 16873 | D:12     | Noticed a two-headed ogre
 17017 | D:12     | Noticed a two-headed ogre
 17026 | D:12     | Killed a two-headed ogre
 17027 | D:12     | Reached skill level 5 in Shields
 17027 | D:12     | Reached skill level 10 in Conjurations
 17172 | D:12     | Killed a two-headed ogre
 17544 | D:13     | Noticed a six-headed hydra
 17552 | D:12     | Killed a six-headed hydra
 17714 | D:13     | Reached skill level 5 in Fighting
 17771 | D:13     | Found a gate leading to a gauntlet.
 17782 | Gauntlet | Entered a Gauntlet
 17782 | Gauntlet | Found a transporter.
 17785 | Gauntlet | Found a transporter.
 17795 | Gauntlet | Noticed a green death
 17801 | Gauntlet | Found a transporter.
 17805 | Gauntlet | Found a transporter.
 17816 | Gauntlet | Found a transporter.
 17836 | Gauntlet | Found a transporter.
 17836 | Gauntlet | Noticed a death scarab
 17836 | Gauntlet | Noticed a death scarab
 17841 | Gauntlet | Found a transporter.
 17845 | Gauntlet | Found a transporter.
 17873 | Gauntlet | Found a transporter.
 17875 | Gauntlet | Found a transporter.
 17878 | Gauntlet | Found a transporter.
 17897 | Gauntlet | Found a transporter.
 17973 | Gauntlet | Got a slimy cloak
 18020 | Gauntlet | Got a bound tin ring
 18030 | Gauntlet | Identified the ring of Jealousy {rF+ Int+2 Dex+5} (You
                  | found it in a Gauntlet)
 18139 | Gauntlet | Identified the +1 shortbow "Gram" {flame, +Inv}
 18139 | Gauntlet | Noticed a minotaur
 18155 | Gauntlet | Killed a minotaur
 18156 | Gauntlet | Reached skill level 12 in Spellcasting
 18249 | Gauntlet | Identified the Compendium of Icy Moulding
 18272 | Gauntlet | Identified the cursed +0 cloak of Onot {Regen+} (You found
                  | it in a Gauntlet)
 18840 | D:13     | Found a shadowy altar of Dithmenos.
 19039 | D:13     | Found a hazy altar of Hepliaklqana.
 19190 | Orc:1    | Entered Level 1 of the Orcish Mines
 19201 | Orc:1    | Reached XP level 13. HP: 67/72 MP: 31/31
 19201 | Orc:1    | Noticed Jorgrun
 19213 | Orc:1    | Killed Jorgrun
 19214 | Orc:1    | Reached skill level 5 in Poison Magic
 19351 | Orc:2    | Entered Level 2 of the Orcish Mines
 19531 | Orc:2    | Noticed a stone giant
 19547 | Orc:2    | Killed a stone giant
 19632 | Orc:2    | Found a staircase to the Elven Halls.
 20501 | Orc:2    | Reached skill level 10 in Hexes
 20768 | Orc:2    | Reached skill level 10 in Translocations
 20770 | Orc:2    | Offered knowledge of Fireball by Vehumet.
 20846 | Orc:2    | Noticed an orc warlord
 20849 | Orc:2    | Reached skill level 13 in Spellcasting
 20876 | Orc:2    | Killed an orc warlord
 20969 | Orc:2    | Noticed a stone giant
 20987 | Orc:2    | Killed a stone giant
 21048 | Orc:2    | Found Seakhih's Book Shoppe.
 21124 | Orc:2    | Found Moxi Lyomul's General Store.
 21125 | Orc:2    | Found Fywireab's Jewellery Boutique.
 21126 | Orc:2    | Found Fownak Ytoo's Antique Armour Boutique.
 21126 | Orc:2    | Found Harutoh's Antique Weapon Shop.
 21334 | Orc:2    | Bought a Necronomicon for 1435 gold pieces
 21345 | Orc:2    | Learned a level 7 spell: Haunt
 21416 | D:12     | Learned a level 5 spell: Fireball
 21444 | D:14     | Noticed Rupert
 21446 | D:14     | Noticed Nessos
 21560 | D:14     | Found a gate to the Vaults.
 21625 | D:14     | Reached skill level 1 in Necromancy
 21625 | D:14     | Reached XP level 14. HP: 79/79 MP: 31/33
 21629 | D:13     | Reached skill level 1 in Summonings
 21664 | D:13     | Killed Nessos
 21929 | D:14     | Killed Rupert
 21962 | D:14     | Reached skill level 5 in Fire Magic
 22194 | D:15     | Entered Level 15 of the Dungeon
 22276 | D:15     | Found a sacrificial altar of Ru.
 22481 | D:15     | Offered knowledge of Yara's Violent Unravelling by Vehumet.
 22710 | D:15     | Reached skill level 14 in Spellcasting
 23089 | D:15     | Reached skill level 5 in Necromancy
 23162 | D:15     | Reached ****** piety under Vehumet
 23211 | D:15     | Reached XP level 15. HP: 84/84 MP: 25/35
 23380 | D:15     | Found a staircase to the Depths.
 23870 | Lair:1   | Reached skill level 5 in Summonings
 24982 | Lair:3   | Found a staircase to the Shoals.
 25172 | Orc:2    | Bought a pair of runed boots for 225 gold pieces
 25533 | Lair:3   | Noticed Snorg
 25544 | Lair:3   | Killed Snorg
 25608 | Lair:3   | Found a staircase to the Snake Pit.
 25711 | Lair:3   | You fall into a shaft and drop 1 floor!
 26079 | Lair:3   | Offered knowledge of Bolt of Magma by Vehumet.
 26718 | Lair:4   | Noticed Urug
 26735 | Lair:4   | Killed Urug
 27076 | Lair:4   | Reached skill level 15 in Spellcasting
 27257 | Lair:4   | You fall into a shaft and drop 2 floors!
 27257 | Lair:6   | Entered Level 6 of the Lair of Beasts
 27295 | Lair:6   | Reached skill level 5 in Evocations
 27327 | Lair:6   | Offered knowledge of Spellforged Servitor by Vehumet.
 27848 | Lair:6   | Learned a level 7 spell: Spellforged Servitor
 28070 | Lair:6   | Reached XP level 16. HP: 92/92 MP: 33/37
 28088 | Lair:6   | Acquired 623 gold pieces
 28891 | Lair:5   | Offered knowledge of Lee's Rapid Deconstruction by Vehumet.
 28965 | Lair:5   | Reached skill level 16 in Spellcasting
 29044 | Lair:5   | Found a runed translucent gate.
 29044 | Lair:5   | Found a runed translucent gate.
 29044 | Lair:5   | Found a runed translucent gate.
 29044 | Lair:5   | Noticed Darubir's ghost (journeyman CeAM)
 29045 | Lair:5   | Found a viscous altar of Jiyva.
 29180 | Lair:5   | Learned a level 4 spell: Summon Lightning Spire
 29192 | Lair:5   | Learned a level 5 spell: Lee's Rapid Deconstruction
 29213 | Lair:5   | Found a staircase to the Slime Pits.
 29215 | Lair:5   | Found a viscous altar of Jiyva.
 29911 | D:11     | Acquired 395 gold pieces
 30086 | Orc:2    | Bought the ring "Pyiluad" {Wiz rElec} for 660 gold pieces
 30300 | Snake:1  | Entered Level 1 of the Snake Pit
 31301 | Snake:2  | Reached skill level 10 in Necromancy
 31436 | Snake:2  | Noticed Vashnia
 31544 | Shoals:1 | Entered Level 1 of the Shoals
 31931 | Shoals:1 | You fall into a shaft and drop 1 floor!
 31942 | Shoals:2 | Noticed Donald
 31965 | Shoals:2 | Noticed a kraken
 31981 | Shoals:2 | Offered knowledge of Chain Lightning by Vehumet.
 32198 | Shoals:2 | Killed Donald
 32277 | Shoals:2 | Noticed Kirke
 32282 | Shoals:2 | Killed Kirke
 32371 | Shoals:1 | Noticed a kraken
 32419 | Shoals:1 | Killed a kraken
 32960 | Shoals:2 | Noticed Ilsuiw
 32972 | Shoals:2 | Killed Ilsuiw
 33303 | Shoals:3 | Reached XP level 17. HP: 96/96 MP: 31/39
 33309 | Shoals:3 | Reached skill level 17 in Spellcasting
 33309 | Shoals:3 | Reached skill level 10 in Summonings
 33449 | Shoals:3 | Found Kupejepn's Antique Armour Shoppe.
 33467 | Shoals:3 | Bought an embroidered hat for 273 gold pieces
 33501 | Shoals:3 | Bought a pair of embroidered boots for 292 gold pieces
 33515 | Shoals:3 | Identified a +2 pair of boots of running (You bought it in
                  | a shop on level 3 of the Shoals)
 34160 | Shoals:4 | Entered Level 4 of the Shoals
 34637 | Shoals:4 | Got a dazzling leather armour
 34833 | Shoals:4 | Slain by a merfolk

Illustrated notes

Levels and vault maps discovered:
D:1:      dpeg_arrival_water_temple_mockup, layout_loops_corners,
          amethyst_killhole, tso_metal_star
D:2:      layout_rooms
D:3:      layout_basic
D:4:      layout_loops_cross, gup_sewer_entry_spiral,
          kennysheep_decorative_pillar, st_stairs_5, uniq_sigmund, uniq_edmund
D:5:      cheibrodos_fzero, layout_cave_pools, vehumet_statue, enter_ossuary_2,
          hangedman_minor_gate_pass, uniq_crazy_yiuf_cottage
D:6:      layout_gridville, old_standard_altar, nicolae_overflow_hidden_temple,
          uniq_menkaure, uniq_maggie
D:7:      layout_basic, minmay_temple_entry_slanted, uniq_joseph
D:8:      layout_basic, dancing_weapons_uskayaw, uniq_maurice
D:9:      layout_roguey
D:10:     layout_loops_ring, serial_shops, nicolae_shop_crystal,
          gammafunk_ghost_hydra_chop, kennysheep_generic_room_15
D:11:     layout_roguey, david_lair_shrubbed, laboratory
D:12:     layout_loops_ring, david_orc_2, enter_bailey_5, basic_altar,
          chequers_mini_garden
D:13:     layout_rooms, gauntlet_entry_generic, serial_rivers,
          chequers_serial_rivers_room_a, chequers_serial_rivers_micro_a,
          chequers_serial_rivers_small_b, chequers_serial_rivers_marsh,
          chequers_serial_rivers_small_b, chequers_serial_rivers_micro_b,
          basic_altar, nicolae_dithmenos_shadow_blocks
D:14:     layout_cross, david_vaults_3, minmay_misc_feat_tiny
D:15:     hangedman_depths_entry_civil_slaughter, layout_irregular_city,
          nicolae_ru_awakened_eye, minmay_fractal_squares_5
Temple:   lightli_temple_of_artemis
Lair:1:   layout_regular_city, grunt_forest_large_clearings
Lair:2:   layout_cellular_growth, eino_house_with_fridge
Lair:3:   layout_cellular_growth, elwin_shoals_entry_stream,
          minmay_snake_entry_guardpost_small, uniq_nergalle, uniq_snorg,
          uniq_gastronok
Lair:4:   layout_regular_city, minmay_lair_oklob_items, uniq_urug
Lair:5:   layout_gridlike, slime_altar_1, gammafunk_ghost_ooze,
          beast_lair_carwin_8
Lair:6:   hangedman_lair_tendril_chambers, layout_cave_pods,
          nicolae_volcano_entry_vermiform
Shoals:1: layout_shoals
Shoals:2: layout_shoals, uniq_kirke, uniq_donald, uniq_ilsuiw
Shoals:3: layout_shoals, serial_shops, nicolae_shop_statue_plus,
          portal_ice_cave_entry_dragon
Shoals:4: shoals_end_simple, layout_shoals, serial_shops, shop,
          nicolae_shoals_dead_sea_scrolls
Snake:1:  layout_cave_shapes
Snake:2:  layout_grid_shapes, ebering_ghost_disaster_area, uniq_vashnia
Orc:1:    layout_caves, uniq_jorgrun
Orc:2:    st_orc_congregation, layout_diamond_mine, serial_shops, shop,
          uniq_rupert

Skill      XL: |  1  2  3  4  5  6  7  8  9 10 11 12 13 14 15 16 17 |
---------------+----------------------------------------------------+-----
Conjurations   | 5 6 7 8 9 10 11 12 | 12.0
Spellcasting   | 4 5 6 7 8 9 10 12 13 14 15 16 17 | 17.4
Stealth        | 3 4 5 6 7 8 |  8.5
Fighting       | 1 2 3 4 5 6 7 |  7.0
Dodging        | 3 4 5 6 7 8 |  8.2
Shields        | 1 2 3 4 5 6 |  6.0
Hexes          | 1 2 4 6 7 9 10 11 | 11.0
Translocations | 1 2 3 5 6 7 9 10 11 | 11.0
Earth Magic    | 2 4 5 6 |  6.0
Evocations     | 2 6 |  6.0
Short Blades   | 2 |  2.0
Ice Magic      | 2 4 |  4.0
Fire Magic     | 3 4 6 7 |  7.6
Poison Magic   | 4 6 8 9 |  9.0
Transmutations | 2 3 |  3.0
Necromancy     | 1 5 8 10 11 | 11.6
Summonings     | 4 7 9 10 | 10.0

Action                   |  1- 3 |  4- 6 |  7- 9 | 10-12 | 13-15 | 16-18 || total
-------------------------+-------+-------+-------+-------+-------+-------++-------
Melee: Dagger            |    64 |       |    78 |    54 |       |       ||   196
       Rapier            |       |       |       |     8 |     8 |       ||    16
       Staff             |       |       |       |       |     1 |     1 ||     2
Throw: Dart              |       |       |       |     2 |       |       ||     2
 Cast: Magic Dart        |    68 |    38 |    70 |    76 |    31 |     7 ||   290
       Searing Ray       |     4 |    15 |    60 |    61 |    46 |     3 ||   189
       Iskenderun's Myst |       |       |     7 |    69 |    75 |    47 ||   198
       Fulminant Prism   |       |       |    19 |   134 |   102 |     1 ||   256
       Sandblast         |       |       |       |    21 |    13 |    10 ||    44
       Frozen Ramparts   |       |       |       |     3 |       |       ||     3
       Sticky Flame      |       |       |       |     4 |       |       ||     4
       Olgreb's Toxic Ra |       |       |       |     2 |    89 |    47 ||   138
       Ignite Poison     |       |       |       |       |    76 |    44 ||   120
       Fireball          |       |       |       |       |   118 |   164 ||   282
       Lee's Rapid Decon |       |       |       |       |       |    18 ||    18
       Spellforged Servi |       |       |       |       |       |     9 ||     9
       Summon Lightning  |       |       |       |       |       |     7 ||     7
       Haunt             |       |       |       |       |       |     1 ||     1
Evoke: Wand              |       |       |       |    11 |     3 |       ||    14
       Condenser vane    |       |       |       |       |     1 |       ||     1
  Use: Scroll            |     6 |     2 |     2 |    24 |     3 |    11 ||    48
       Potion            |       |       |     5 |     1 |     1 |     1 ||     8
 Stab: Sleeping          |     3 |       |     1 |     6 |       |       ||    10
Armor: Robe              |    16 |       |    30 |    24 |    26 |    19 ||   115
       Steam dragon scal |       |       |       |     6 |       |       ||     6
Dodge: Dodged            |    58 |     4 |    76 |   110 |    88 |    81 ||   417
Block: Buckler           |       |       |     5 |    38 |    44 |    32 ||   119
